 Dungeon Crawl Stone Soup version 0.28-a0-1616-g050a50673c (webtiles) character file.

Game seed: 11490950047900146687

10887 Crownlay the Carver (level 11, -24/95 HPs)
             Began as a Minotaur Berserker on Jan 22, 2022.
             Was a High Priest of Trog.
             Annihilated by a freezing wraith (25 damage)
             ... on level 9 of the Dungeon.
             The game lasted 00:18:59 (11226 turns).

Crownlay the Carver (Minotaur Berserker)           Turns: 11226, Time: 00:18:59

Health: -24/95     AC: 11    Str: 26    XL:     11   Next: 42%
Magic:  10/10      EV: 11    Int:  7    God:    Trog [*****.]
Gold:   506        SH:  5    Dex: 10    Spells: 10/10 levels left

rFire   . . .      SeeInvis +   o - +7 Throatcutter {drain, coup de grace}
rCold   x . .      Faith    .   (no shield)
rNeg    + + +      Spirit   .   E - +2 ring mail {Will+}
rPois   +          Reflect  +   (helmet restricted)
rElec   .          Harm     .   (no cloak)
rCorr   .          Rampage  .   j - +0 pair of gloves
Will    +....                   e - +0 pair of boots
Stlth   ..........              L - amulet "Nodasch" {Reflect rPois rC- rN+++ Int+3 SH+5}
HPRegen 0.25/turn               m - ring of see invisible
MPRegen 0.12/turn               (no ring)

@: on berserk cooldown, slowed, very slow
A: horns 2, retaliatory headbutt
a: Renounce Religion, Berserk, Trog's Hand, Brothers in Arms


You were on level 9 of the Dungeon.
You worshipped Trog.
Trog was extremely pleased with you.
You visited 1 branch of the dungeon, and saw 10 of its levels.
You also visited: Bailey.

You collected 506 gold pieces.

Inventory:

Hand Weapons
 o - the +7 Throatcutter (weapon) {drain, coup de grace}
   (You took it off Terence on level 2 of the Dungeon)

   A truly terrible weapon, it drains the life of any living foe it strikes.
   It may instantly kill foes which have little health.
 y - the +7 spear "Rywecuf" {vorpal, MP+9 Stlth+}
   (You found it on level 5 of the Dungeon)

   It inflicts extra damage upon your enemies.
   MP:        It affects your magic capacity (+9).
   Stlth:     It makes you more stealthy.
 C - the +10 trident of the Twenty Beggars {pain, rElec rC- Int+6 Dex+4}
   (You found it on level 6 of the Dungeon)

   In the hands of one skilled in necromantic magic, it inflicts extra damage on
   living creatures.
   Int:       It affects your intelligence (+6).
   Dex:       It affects your dexterity (+4).
   rC:        It makes you vulnerable to cold.
   rElec:     It insulates you from electricity.
   Trog disapproves of the use of such an item.
Missiles
 n - 5 javelins
 F - 5 boomerangs (quivered)
Armour
 e - a +0 pair of boots (worn)
 j - a +0 pair of gloves (worn)
 E - a +2 ring mail of willpower (worn)
 J - a +0 plate armour
Jewellery
 m - a ring of see invisible (left hand)
 L - the amulet "Nodasch" (around neck) {Reflect rPois rC- rN+++ Int+3 SH+5}
   (You acquired it on level 10 of the Dungeon)

   [amulet of reflection]

   It reflects blocked missile attacks.
   Int:       It affects your intelligence (+3).
   rC:        It makes you vulnerable to cold.
   rPois:     It protects you from poison.
   rN:        It renders you almost immune to negative energy.
   SH:        It affects your SH (+5).
 M - a ring of fire
Wands
 a - a wand of flame (4)
Scrolls
 b - a scroll of summoning {unknown}
 d - a scroll of enchant weapon {unknown}
 i - 2 scrolls of vulnerability
 k - 2 scrolls of acquirement
 p - 5 scrolls of teleportation
 q - a scroll of blinking {unknown}
 r - a scroll of noise {unknown}
 u - a scroll of identify
 x - a scroll of magic mapping
 z - 2 scrolls of fog {unknown}
 A - a scroll of torment {unknown}
 B - a scroll of holy word {unknown}
 D - a scroll of amnesia {unknown}
 G - a scroll of brand weapon {unknown}
 I - a scroll of fear {unknown}
Potions
 c - 2 potions of curing {unknown}
 f - 2 potions of magic {unknown}
 g - 4 potions of might {unknown}
 h - 6 potions of lignification
 l - a potion of resistance {unknown}
 s - a potion of attraction {unknown}
 t - 3 potions of haste
 v - a potion of heal wounds {unknown}
 w - 2 potions of ambrosia {unknown}
 H - 2 potions of brilliance {unknown}
Miscellaneous
 K - a phantom mirror


   Skills:
 + Level 8.6 Fighting
 - Level 14.0 Long Blades
 + Level 10.0 Polearms
 + Level 7.8 Throwing
 + Level 6.7 Armour
 - Level 2.1 Dodging


You had 10 spell levels left.
You didn't know any spells.
Your spell library was empty.

Dungeon Overview and Level Annotations

Branches:
Dungeon (10/15)            Temple (0/1) D:5          Bailey (visited)
   Lair: D:8-11         Orc: D:9-12

Altars:
Cheibriados

Shops:
D:2 [

Annotations:
D:4 3 runed translucent doors, tilp's ghost, amateur FeIE


Innate Abilities, Weirdness & Mutations

You have a pair of horns on your head.
You reflexively headbutt those who attack you in melee.


Message History

You kill the white imp!
Trog accepts your kill.
A freezing wraith comes into view.
The freezing wraith hits you. The freezing wraith freezes you!!
You feel a terrible chill!
* * * LOW HITPOINT WARNING * * *
You block the freezing wraith's attack.
Things that are here:
a +0 hand axe; an orc corpse You slash the freezing wraith!
The freezing wraith is moderately damaged.
You slash the freezing wraith!
You headbutt the freezing wraith, but do no damage.
The freezing wraith is heavily damaged.
The freezing wraith hits you but does no damage.
The freezing wraith hits you.
* * * LOW HITPOINT WARNING * * *
The freezing wraith drains your vigour!
You feel yourself slow down.
You completely miss the freezing wraith.
The freezing wraith is heavily damaged.
The freezing wraith hits you.
* * * LOW HITPOINT WARNING * * *
The freezing wraith freezes you!!
You feel a terrible chill!
* * * LOW HITPOINT WARNING * * *
The freezing wraith hits you but does no damage.
You are too berserk!
Things that are here:
a +0 club; a +0 scale mail; an orc corpse You feel a strong urge to attack something.
Your skin stops crawling.
You feel less strong-willed.
Things that are here:
a +0 battleaxe; a +0 chain mail; an orc corpse You are no longer berserk.
You are exhausted.
You feel as though you will be slow longer.
You see here a +0 short sword.
The freezing wraith hits you.
* * * LOW HITPOINT WARNING * * *
The freezing wraith freezes you!!
You feel a terrible chill!
You die...

#### #W..'.#
##≈..'.#
#≈#..'.# ####
#≈$.5W.# ##..#
#≈≈#...#W#
...##
...5....#5#
####
.......5#5#
####..###..##W#
###...#. #..
#@# ......#
W..##.# ......#
....#..#
##....#
...#.#.##
......# #.#
....## #.#
#....# ##.#
##..)### #..#
##.#...## ##.##


You could see 3 freezing wraiths and 2 white imps.

Vanquished Creatures
  A two-headed ogre (D:10)
  Pikel (D:6)
  An orc knight (Bailey)
  A gargoyle (D:9)
  A kobold demonologist (D:9)
  An ice devil (D:9)
  A troll (D:7)
  5 yaks (D:9)
  A wyvern (D:9)
  2 basilisks (D:9)
  A steam dragon (D:9)
  Eustachio (D:6)
  Menkaure (D:7)
  3 water moccasins (D:9)
  11 orc warriors
  2 ice beasts (D:8)
  2 sky beasts (D:5)
  A black bear (D:4)
  A necrophage (D:4)
  A wolf (D:8)
  3 ogres
  2 centaurs
  A phantom (D:4)
  3 kobold brigands
  Blork the orc (D:4)
  5 bullfrogs
  4 scorpions
  A wyvern skeleton (D:7)
  A water moccasin skeleton (D:6)
  12 wights
  An electric eel (D:8)
  2 bullfrog zombies (D:5)
  5 centaur zombies
  2 gnoll shamans (D:4)
  3 jellies
  3 bullfrog skeletons
  3 orc priests
  2 centaur skeletons
  Terence (D:2)
  8 iguanas
  Natasha (thrice) (D:2)
  An orc wizard (D:6)
  A killer bee zombie (D:7)
  A centaur simulacrum (D:8)
  A hound skeleton (D:5)
  7 adders
  17 gnolls
  5 white imps
  An ufetubus (D:8)
  2 adder skeletons
  A dart slug (D:1)
  32 orcs
  4 ball pythons
  7 endoplasms
  3 giant cockroaches
  16 goblins
  12 hobgoblins
  2 jackals (D:2)
  9 quokkas
  4 bats
  2 frilled lizards
  25 kobolds
  2 rats (D:1)
260 creatures vanquished.

Vanquished Creatures (collateral kills)
  An orc warlord (Bailey)
  An orc knight (Bailey)
  2 hobgoblins (Bailey)
4 creatures vanquished.

Vanquished Creatures (others)
  6 plants (D:9)
6 creatures vanquished.

Grand Total: 270 creatures vanquished

Notes
Turn   | Place    | Note
-------+----------+-------------------------------------------
     0 | D:1      | Crownlay the Minotaur Berserker began the quest for the
                  | Orb.
     0 | D:1      | Reached XP level 1. HP: 19/19 MP: 0/0
   150 | D:1      | Reached XP level 2. HP: 18/27 MP: 1/1
   461 | D:1      | Found a faded altar of an unknown god.
   812 | D:2      | Reached XP level 3. HP: 30/33 MP: 2/2
  1206 | D:2      | Noticed Terence
  1208 | D:2      | Noticed Natasha
  1221 | D:2      | Killed Terence
  1222 | D:2      | Reached skill level 5 in Polearms
  1224 | D:2      | Reached XP level 4. HP: 28/39 MP: 3/3
  1385 | D:2      | Killed Natasha
  1386 | D:2      | Reached skill level 1 in Long Blades
  1478 | D:2      | Reached ** piety under Trog
  1519 | D:2      | Found Latzaa's Antique Armour Boutique.
  1542 | D:2      | Noticed Natasha
  1546 | D:2      | Killed Natasha
  1547 | D:2      | Reached skill level 2 in Long Blades
  1753 | D:2      | Noticed Natasha
  1760 | D:2      | Killed Natasha
  1761 | D:2      | Reached skill level 5 in Fighting
  1761 | D:2      | Reached XP level 5. HP: 30/48 MP: 4/4
  2167 | D:3      | Reached skill level 3 in Long Blades
  2269 | D:3      | Found a snail-covered altar of Cheibriados.
  2935 | D:4      | Found a runed translucent gate.
  2936 | D:4      | Found a runed translucent gate.
  2938 | D:4      | Found a runed translucent gate.
  2938 | D:4      | Noticed a sky beast
  2946 | D:4      | Reached skill level 1 in Throwing
  2946 | D:4      | Reached XP level 6. HP: 53/56 MP: 5/5
  2963 | D:4      | Noticed Blork the orc
  2969 | D:4      | Killed Blork the orc
  2970 | D:4      | Reached skill level 4 in Long Blades
  2970 | D:4      | Noticed tilp's ghost (amateur FeIE)
  3473 | D:4      | Reached skill level 5 in Long Blades
  3473 | D:4      | Reached XP level 7. HP: 61/62 MP: 6/6
  3720 | D:4      | Reached *** piety under Trog
  3728 | D:4      | Reached skill level 6 in Long Blades
  3877 | D:4      | Reached XP level 8. HP: 41/71 MP: 7/7
  4181 | D:5      | Entered Level 5 of the Dungeon
  4380 | D:5      | Identified the +7 spear "Rywecuf" {vorpal, MP+9 Stlth+}
  4426 | D:5      | Reached skill level 7 in Long Blades
  4500 | D:5      | Found a staircase to the Ecumenical Temple.
  4533 | D:5      | Reached skill level 5 in Throwing
  4861 | D:5      | Reached skill level 8 in Long Blades
  5275 | D:6      | Noticed Eustachio
  5282 | D:6      | Killed Eustachio
  5583 | D:6      | Reached skill level 9 in Long Blades
  5585 | D:6      | Identified the +10 trident of the Twenty Beggars {pain,
                  | rElec rC- Int+6 Dex+4}
  5593 | D:6      | Reached XP level 9. HP: 77/81 MP: 8/8
  6316 | D:6      | Noticed Pikel
  6325 | D:6      | Killed Pikel
  6326 | D:6      | Reached skill level 10 in Long Blades
  6471 | D:7      | Noticed a troll
  6479 | D:7      | Killed a troll
  7037 | D:7      | Reached **** piety under Trog
  7300 | D:7      | Noticed Menkaure
  7307 | D:7      | Killed Menkaure
  7308 | D:7      | Reached skill level 11 in Long Blades
  8441 | D:8      | Reached XP level 10. HP: 41/88 MP: 9/9
  8672 | D:8      | You fall into a shaft and drop 2 floors!
  8672 | D:10     | Entered Level 10 of the Dungeon
  8686 | D:10     | Found a flagged portal.
  8713 | Bailey   | Entered a bailey
  8790 | Bailey   | Noticed an orc knight
  8802 | Bailey   | Killed an orc knight
  9068 | Bailey   | Reached skill level 12 in Long Blades
  9255 | Bailey   | Reached ***** piety under Trog
  9326 | Bailey   | Noticed an orc knight
  9326 | Bailey   | Noticed an orc warlord
  9336 | Bailey   | Killed an orc knight
  9342 | Bailey   | Killed an orc warlord
  9343 | Bailey   | Reached skill level 5 in Armour
  9345 | Bailey   | Reached skill level 13 in Long Blades
  9579 | D:10     | Acquired the amulet "Nodasch" {Reflect rPois rC- rN+++
                  | Int+3 SH+5}
  9599 | D:10     | Noticed a two-headed ogre
  9636 | D:10     | Killed a two-headed ogre
 10150 | D:10     | Identified the +2 leather armour "Baex" {Fly MP+9 Str+6}
 10213 | D:10     | Reached XP level 11. HP: 88/94 MP: 10/10
 10843 | D:9      | Reached skill level 14 in Long Blades
 11101 | D:9      | Reached skill level 10 in Polearms
 11222 | D:9      | HP: 2/142 [freezing wraith (21)]
 11226 | D:9      | Annihilated by a freezing wraith

Illustrated notes

Levels and vault maps discovered:
D:1:      heliophobic_arrival_dark_side_of_the_moon, layout_loops_ring,
          hellmonk_ecumenical_altar_blasted, roderic_lattice_a
D:2:      layout_basic, serial_shops, shop_statue, uniq_natasha, uniq_terence
D:3:      layout_loops_corners, old_standard_altar
D:4:      layout_basic, gammafunk_ghost_split, minmay_joined_circles,
          uniq_blork_the_orc
D:5:      layout_loops_corners, minmay_temple_entry_antechambers
D:6:      layout_cave_pods, uniq_eustachio, uniq_pikel
D:7:      layout_layer_cave, uniq_menkaure
D:8:      layout_basic, minitemple, serial_ice, serial_ice_j, serial_ice_h,
          serial_ice_a, serial_ice_g, gammafunk_ghost_necromancy
D:9:      layout_rooms, minmay_lair_entry_grove,
          hellmonk_guarded_unrand_frostbite
D:10:     layout_basic, enter_bailey_4

Skill      XL: |  1  2  3  4  5  6  7  8  9 10 11 |
---------------+----------------------------------+-----
Polearms       | 4 5 6 8 9 10 | 10.0
Fighting       | 4 5 6 8 |  8.6
Long Blades    | 2 3 5 6 9 11 13 14 | 14.0
Throwing       | 1 2 4 5 6 7 |  7.8
Armour         | 3 5 6 |  6.7
Dodging        | |  2.1

Action                   |  1- 3 |  4- 6 |  7- 9 | 10-12 || total
-------------------------+-------+-------+-------+-------++-------
Melee: Spear             |    63 |     1 |       |       ||    64
       Headbutt          |     7 |     4 |    23 |    32 ||    66
       Punch             |     2 |     1 |     2 |     2 ||     7
       Long sword        |       |    62 |   168 |   174 ||   404
Throw: Dart              |     1 |    17 |    48 |       ||    66
       Javelin           |       |       |    19 |    17 ||    36
       Boomerang         |       |       |       |    24 ||    24
Invok: Berserk           |     1 |       |       |     4 ||     5
       Trog's Hand       |       |       |       |     3 ||     3
       Brothers in Arms  |       |       |       |     1 ||     1
Evoke: Wand              |       |       |     6 |       ||     6
  Use: Scroll            |       |       |     5 |     2 ||     7
       Potion            |       |       |       |     1 ||     1
 Stab: Sleeping          |     1 |     1 |       |       ||     2
Armor: Animal skin       |     1 |       |       |       ||     1
       Leather armour    |     8 |       |       |       ||     8
       Ring mail         |       |    15 |    24 |    37 ||    76
       Scale mail        |       |    11 |    37 |       ||    48
Dodge: Dodged            |    22 |    43 |   105 |    81 ||   251
Block: Other             |       |       |       |    18 ||    18
       Reflection        |       |       |       |     1 ||     1

Table legend: (Time is in decaauts)
 A = Elapsed time spent in this place.
 B = Non-inter-level travel time spent in this place.
 C = Inter-level travel time spent in this place.
 D = Time resting spent in this place.
 E = Time spent auto-exploring this place.
 F = Levels seen in this place.
 G = Mean time per level.
                   A        B        C        D        E       F      G
               +--------+--------+--------+--------+--------+-----+--------+
         Total |  11211 |  10970 |    241 |      0 |   9497 |  11 | 1019.2 |
       Dungeon |  10332 |  10091 |    241 |      0 |   8806 |  10 | 1033.2 |
        Bailey |    879 |    879 |      0 |      0 |    691 |   1 |  879.0 |
               +--------+--------+--------+--------+--------+-----+--------+

Top non-repeatable levels by time:
     D:7: 1789 daAuts
     D:4: 1344 daAuts
     D:6: 1187 daAuts
     D:5: 1093 daAuts
     D:2: 1079 daAuts
     D:3: 975 daAuts
    D:10: 962 daAuts
  Bailey: 879 daAuts
     D:1: 800 daAuts
     D:9: 694 daAuts
     D:8: 405 daAuts
